 Dungeon Crawl Stone Soup version 0.19.1-1-g22dce08 (webtiles) character file.

2476 w00t the Fighter (level 9, -4/61 HPs)
             Began as a Gargoyle Fighter on Jan 9, 2017.
             Killed by divine providence
             ... invoked by an orc priest
              (11 damage)
             ... on level 7 of the Dungeon.
             The game lasted 00:05:59 (6483 turns).

w00t the Fighter (Gargoyle Fighter)                 Turns: 6483, Time: 00:06:00

Health: -4/61      AC: 20    Str: 19    XL:     9   Next: 51%
Magic:  9/9        EV:  5    Int: 10    God:
Gold:   316        SH:  9    Dex: 12    Spells: 0 memorised, 8 levels left

rFire  . . .     SeeInvis .     a - +0 flail
rCold  . . .     Gourm    .     e - +0 chain mail
rNeg   + . .     Faith    .     c - +0 shield
rPois  ∞         Spirit   .     u - +0 helmet
rElec  +         Reflect  .     i - +1 cloak
rCorr  .         Harm     .     z - +0 pair of gloves
MR     .....                    C - +0 pair of boots
Stlth  ..........               (no amulet)
                                (no ring)
                                (no ring)

@: no status effects
A: negative energy resistance 1, electricity resistance, unbreathing,
petrification resistance, rot immunity, AC +5
a: no special abilities


You were on level 7 of the Dungeon.
You were not hungry.

You visited 1 branch of the dungeon, and saw 7 of its levels.

You collected 316 gold pieces.

Inventory:

Hand Weapons
 a - a +0 flail (weapon)
Missiles
 r - 13 curare-tipped needles
 s - 189 stones (quivered)
Armour
 c - a +0 shield (worn)
 e - a +0 chain mail (worn)
 i - a +1 cloak (worn)
 u - a +0 helmet (worn)
 z - a +0 pair of gloves (worn)
 C - a +0 pair of boots (worn)
Magical Staves
 A - an uncursed staff of air {unknown}
Wands
 I - a wand of lightning (11/15)
Scrolls
 b - 8 scrolls of identify {unknown}
 j - 3 scrolls of amnesia {unknown}
 m - 2 scrolls of enchant armour {unknown}
 p - a scroll of immolation {unknown}
 q - 4 scrolls of remove curse {unknown}
 t - 3 scrolls of recharging {unknown}
 y - a scroll of teleportation {unknown}
 B - 2 scrolls of noise {unknown}
 D - 3 scrolls of random uselessness {unknown}
 H - a scroll of fear {unknown}
Potions
 d - 2 potions of might
 g - a potion of agility {unknown}
 k - 3 potions of curing {unknown}
 l - 6 potions of mutation {unknown}
 v - a potion of brilliance {unknown}
 w - 2 potions of heal wounds {unknown}
 x - a potion of resistance {unknown}
 E - 2 potions of haste {unknown}
Comestibles
 f - 5 bread rations
 h - 3 royal jellies
 n - 2 fruits
 o - 3 meat rations
 F - 2 beef jerkies
 G - a chunk of flesh


   Skills:
 * Level 9.4 Fighting
 * Level 7.9 Maces & Flails
 + Level 5.1 Throwing
 - Level 3.2 Armour
 - Level 3.2 Shields


You had 8 spell levels left.
You didn't know any spells.

Dungeon Overview and Level Annotations

Branches:
Dungeon (7/15)
 Temple: D:4-7

Altars:
Dithmenos
Fedhas
Gozag
Qazlal
Ru
Trog
Uskayaw
Zin

Shops:
D:6 [


Innate Abilities, Weirdness & Mutations

You are resistant to torment.
Your stone body is resilient. (AC +5)
You are immune to poison.
You resist negative energy. (rN+)
You are resistant to electric shocks. (rElec)
You can survive without breathing.
You are immune to petrification.
You are immune to rotting.


Message History

The orc priest is severely wounded.
You block the orc priest's attack.
You hit the orc priest but do no damage.
The orc priest is severely wounded.
The orc priest hits you but does no damage.
You hit the orc priest.
The orc priest is almost dead.
The orc priest invokes the aid of Beogh against you.
Beogh smites you!
* * * LOW HITPOINT WARNING * * *
You hit the orc priest but do no damage.
The orc priest is almost dead.
The orc priest invokes the aid of Beogh against you.
Pain shoots through your body!
* * * LOW HITPOINT WARNING * * *
You hit the orc priest.
The orc priest is almost dead.
The orc priest mumbles some strange prayers to Beogh against you.
Beogh smites you!
You die...

###.#.#.....####
#....#.......< #......
#..###.#+###.# .......
#..# #.# ...........
#..# #.# #.##......#
#..# #.# #.# ......#
#..# #.# #.# ......#
#..###.#####.##......#
#..##.........@.....(#
#............##o.....#
#.############ #>...$.
#.# .###>. #.# # # #.#
#.# #.# #.#


You could see an orc priest.

Vanquished Creatures
  Prince Ribbit (D:6)
  The ghost of baldghoti the Skirmisher, an amateur FoAK of Lugonu (D:3)
  A water moccasin (D:5)
  3 ice beasts
  An orc warrior (D:6)
  A sky beast (D:6)
  A necrophage (D:6)
  2 ogres (D:6)
  2 phantoms
  A centaur (D:6)
  A water moccasin zombie (D:3)
  3 scorpions
  An electric eel (D:6)
  2 howler monkeys (D:6)
  A crimson imp (D:5)
  A jelly (D:7)
  3 hounds
  An orc priest (D:4)
  4 orc wizards
  3 iguanas
  7 worker ants
  A howler monkey skeleton (D:6)
  8 adders
  A shadow imp (D:5)
  2 oozes
  3 dart slugs (D:1)
  5 leopard geckos
  13 orcs
  7 giant cockroaches
  4 hobgoblins
  5 jackals
  3 kobolds (D:1)
  A quokka (D:7)
  8 bats
  4 frilled lizards
  A giant cockroach zombie (D:6)
  9 goblins
  8 rats
124 creatures vanquished.

Vanquished Creatures (others)
  2 fungi (D:6)
2 creatures vanquished.

Grand Total: 126 creatures vanquished

Notes
Turn   | Place    | Note
-------+----------+-------------------------------------------
     0 | D:1      | w00t the Gargoyle Fighter began the quest for the Orb.
     0 | D:1      | Reached XP level 1. HP: 14/14 MP: 1/1
   202 | D:1      | Reached XP level 2. HP: 19/19 MP: 2/2
   741 | D:1      | Reached skill level 4 in Fighting
   741 | D:1      | Reached XP level 3. HP: 21/24 MP: 3/3
   918 | D:1      | Reached skill level 1 in Throwing
  1122 | D:2      | Found a shadowy altar of Dithmenos.
  1562 | D:3      | Reached XP level 4. HP: 30/30 MP: 4/4
  1913 | D:3      | Noticed a big kobold
  1935 | D:3      | Reached XP level 5. HP: 34/34 MP: 5/5
  2101 | D:3      | Reached skill level 5 in Fighting
  2122 | D:3      | Noticed baldghoti's ghost (amateur FoAK)
  2197 | D:3      | Killed baldghoti's ghost
  2197 | D:3      | Reached XP level 6. HP: 32/41 MP: 6/6
  2493 | D:4      | Noticed a phantom
  2555 | D:4      | Killed a phantom
  2555 | D:4      | Reached skill level 6 in Fighting
  2604 | D:4      | Reached XP level 7. HP: 39/46 MP: 7/7
  2900 | D:4      | Reached skill level 5 in Maces & Flails
  2989 | D:4      | Found a bloodstained altar of Trog.
  3345 | D:5      | Entered Level 5 of the Dungeon
  3400 | D:5      | Reached skill level 7 in Fighting
  3831 | D:5      | Reached XP level 8. HP: 51/53 MP: 8/8
  4586 | D:6      | Found a stormy altar of Qazlal.
  4713 | D:6      | Reached skill level 8 in Fighting
  4977 | D:6      | Found Rythrut's Antique Armour Shoppe.
  5181 | D:6      | Reached XP level 9. HP: 59/60 MP: 9/9
  5249 | D:6      | Found a stormy altar of Qazlal.
  5253 | D:6      | Found a blossoming altar of Fedhas.
  5279 | D:6      | Noticed Prince Ribbit
  5308 | D:6      | Reached skill level 9 in Fighting
  5622 | D:6      | Killed Prince Ribbit
  5991 | D:6      | Found a sacrificial altar of Ru.
  6104 | D:6      | Found a glowing silver altar of Zin.
  6143 | D:6      | Found an opulent altar of Gozag.
  6407 | D:7      | Found a hide-covered altar of Uskayaw.
  6460 | D:7      | Reached skill level 5 in Throwing
  6483 | D:7      | Killed from afar by an orc priest

Skill      XL: |  1  2  3  4  5  6  7  8  9 |
---------------+----------------------------+-----
Fighting       | 4 5 6 7 8 9 |  9.4
Throwing       | 1 2 3 4 5 |  5.1
Maces & Flails | 3 4 5 7 |  7.9
Armour         | |  3.2
Shields        | |  3.2

Action                   |  1- 3 |  4- 6 |  7- 9 || total
-------------------------+-------+-------+-------++-------
Melee: Flail             |   152 |   120 |   422 ||   694
Throw: Stone             |    11 |    67 |   134 ||   212
  Use: Potion            |       |       |     1 ||     1
  Eat: Chunk             |     2 |     4 |    11 ||    17
       Fruit             |       |       |     2 ||     2
Armor: Chain mail        |    97 |    69 |   290 ||   456
       Scale mail        |     2 |       |       ||     2
Dodge: Dodged            |    36 |    22 |   100 ||   158
Block: Shield            |    67 |    50 |   214 ||   331
